 Dungeon Crawl Stone Soup version 0.14-a0-2810-g474977d (webtiles) character file.

196 Michaellaneous the Shooter (level 4, 0/35 HPs)
             Began as a Centaur Arcane Marksman on Feb 25, 2014.
             Killed from afar by agentgt's ghost (8 damage)
             ... with a magic dart
             ... on Level 3 of the Dungeon.
             The game lasted 00:08:57 (1960 turns).

Michaellaneous the Shooter (CeAM)                   Turns: 1960, Time: 00:08:58

HP   0/35        AC  4     Str 13      XL: 4   Next: 33%
MP   6/6         EV  9     Int 12      God:
Gold 105         SH  0     Dex 10      Spells:  1 memorised,  6 levels left

rFire  . . .     SeeInvis .     b - +0 bow
rCold  . . .     Clarity  .     a - +0 robe
rNeg   . . .     Conserve .     (no shield)
rPois  .         rCorr    .     (no helmet)
rElec  .         rRot     .     (no cloak)
SustAb . .       Spirit   .     (no gloves)
rMut   .         Warding  .     (no barding)
Saprov . . .     Stasis   .     (no amulet)
MR     .....                    (no ring)
                                (no ring)

@: confused, very quick, not resistant to hostile enchantments, extremely
unstealthy
A: hooves 3, deformed body, herbivore 1, speed 2, fast metabolism 1, tough skin
3
a: no special abilities


You were on level 3 of the Dungeon.
You were not hungry.

You visited 1 branch of the dungeon, and saw 3 of its levels.

You collected 105 gold pieces.

Inventory:

Hand weapons
 b - a +0,+0 bow (weapon)
 g - a +0,+0 dagger
 n - a +0,+0 spear
Missiles
 c - 3 arrows (quivered)
 m - 18 arrows of frost
Armour
 a - a +0 robe (worn)
 o - a +2 ring mail
Comestibles
 f - 4 bread rations
 t - 2 meat rations
Scrolls
 i - a scroll of teleportation {unknown}
 j - a scroll of noise {unknown}
 p - 3 scrolls of identify {unknown}
 q - a scroll of curse jewellery {unknown}
 r - a scroll of magic mapping {unknown}
 s - a scroll of random uselessness {unknown}
 u - a scroll of enchant weapon I {unknown}
Potions
 e - 2 potions of curing {unknown}
 h - a potion of paralysis {unknown}
 k - a potion of confusion {unknown}
 l - a potion of lignification {unknown}
 v - a potion of resistance {unknown}
Books
 d - a book of Debilitation

   Spells                             Type                      Level
   *Corona                            Hexes                        1
   Slow                               Hexes                        2
   Inner Flame                        Hexes/Fire                   3
   Enslavement                        Hexes                        4
   Cause Fear                         Hexes                        4
   Leda's Liquefaction                Hexes/Earth                  4


   Skills:
 - Level 1.0 Fighting
 * Level 4.9 Bows
 - Level 1.4 Dodging
 + Level 2.0 Spellcasting
 - Level 2.8 Hexes


You had 6 spell levels left.
You knew the following spells:

 Your Spells              Type           Power        Failure   Level  Hunger
a - Corona                Hex            #......      12%         1    ##.....


Dungeon Overview and Level Annotations

Branches:
Dungeon (3/16)

Altars:

Annotations:
D:3 agentgt's ghost, average NaWz


Innate Abilities, Weirdness & Mutations

You have hooves in place of feet.
Armour fits poorly on your strangely shaped body.
You digest meat inefficiently.
You cover ground very quickly.
You have a fast metabolism.
You have extremely tough skin (AC +3).


Message History

You shoot an arrow.
Firing (i - inventory. (,) - cycle):
c - 5 arrows (quivered)
Press: ? - help, Shift-Dir - straight line, f/p - agentgt's ghost
Aim: agentgt's ghost (softly glowing)
You shoot an arrow. Agentgt's ghost barely misses you.
Firing (i - inventory. (,) - cycle):
c - 4 arrows (quivered)
Press: ? - help, Shift-Dir - straight line, f/p - agentgt's ghost
Aim: agentgt's ghost (softly glowing)
You shoot an arrow. The arrow hits agentgt's ghost.
Agentgt's ghost is lightly damaged.
Agentgt's ghost hits you.
* * * LOW HITPOINT WARNING * * *
Agentgt's ghost stops glowing.
Agentgt's ghost hits you.
* * * LOW HITPOINT WARNING * * *
Agentgt's ghost screams, "Zot is a myth, the ORB is a fable, you'll soon be a tale!"
Ouch! Agentgt's ghost casts a spell at you. The magic dart hits you!
You die...

.........<.....##.#
######.#...#####.#
#.....#####.###
#.#............
#.###.(#####.## #.
#..# #. #..#
#.###.)#####.#
###.#@...........
#..............#
#..#$.p#..#####..
.. ##(%#..#
#....(>((....(...
.#######.###### #..
#.(# ..#


You could see agentgt's ghost.

Vanquished Creatures
  4 adders
  An inept item mimic (D:2)
  2 oozes (D:2)
  3 giant cockroaches
  3 goblins
  5 hobgoblins
  2 ball pythons
  7 bats
  2 giant newts
  4 jackals (D:2)
  6 kobolds
  2 quokkas
  7 rats
48 creatures vanquished.

Notes
Turn   | Place    | Note
--------------------------------------------------------------
     0 | D:1      | Michaellaneous, the Centaur Arcane Marksman, began the quest for the Orb.
     0 | D:1      | Reached XP level 1. HP: 16/16 MP: 2/2
   241 | D:1      | Reached skill level 3 in Bows
   257 | D:1      | Reached XP level 2. HP: 23/23 MP: 3/3
  1026 | D:2      | Reached XP level 3. HP: 28/28 MP: 3/5
  1316 | D:2      | Reached skill level 4 in Bows
  1514 | D:2      | Reached XP level 4. HP: 28/35 MP: 5/6
  1942 | D:3      | Noticed agentgt's ghost (average NaWz)
  1960 | D:3      | Killed from afar by agentgt's ghost

Action                   |  1- 3 |  4- 6 || total
-------------------------+-------+-------++-------
 Fire: Bow               |   131 |    33 ||   164
 Cast: Corona            |    16 |     4 ||    20
